| TOP OF THE 1ST |
|
Bowling Green Hot Rods batting - Pitching for Lansing Lugnuts : RHP Omar Torres
|
|
Pitching: RHP Omar Torres
|
|
|
Batting: RHB Jonathan Fraire
|
0-0: Called Strike 0-1: Ball 1-1: Swinging Strike 1-2: Ball 2-2: Ball 3-2: Strikes out swinging
|
|
Batting: LHB Jake Rheaume
|
0-0: Foul Ball, location: 2F 0-1: Ground out 6-3 (Groundball, 6M, EV 101.9 MPH)
|
|
Batting: RHB Adam Kaeser
|
0-0: Swinging Strike 0-1: Ball 1-1: Ball 2-1: Fly out, F9 (Flyball, 89D, EV 100.6 MPH)
|
| Top of the 1st over - 0 runs, 0 hits, 0 errors, 0 left on base; Bowling Green 0 - Lansing 0 |
| BOTTOM OF THE 1ST |
|
Lansing Lugnuts batting - Pitching for Bowling Green Hot Rods : LHP Chris Ross
|
|
Pitching: LHP Chris Ross
|
|
|
Batting: RHB Kyle Silveira
|
0-0: Foul Ball, location: 2F 0-1: Called Strike 0-2: Foul Ball, location: 2F 0-2: Ground out 6-3 (Groundball, 6, EV 99.4 MPH)
|
|
Batting: RHB Finn Ross
|
0-0: Swinging Strike 0-1: DOUBLE (Flyball, 89XD, EV 105.0 MPH)
|
|
Batting: RHB Bryan Westray
|
0-0: Ball 1-0: Ball 2-0: Called Strike 2-1: Foul Ball, location: 2F 2-2: SINGLE (Flyball, 34D, EV 96.2 MPH) Finn Ross to third
|
|
Batting: LHB Dan Martinez
|
0-0: Ball 1-0: Called Strike 1-1: Ball 2-1: Fielders Choice at 2nd, 5-4 (Groundball, 56, EV 86.9 MPH) Finn Ross scores
|
|
Batting: RHB Luis Reyes
|
0-0: Ball 1-0: Ball 2-0: Fielders Choice at 2nd, 6-4 (Groundball, 6, EV 76.9 MPH)
|
| Bottom of the 1st over - 1 run, 2 hits, 0 errors, 1 left on base; Bowling Green 0 - Lansing 1 |
| TOP OF THE 2ND |
|
Bowling Green Hot Rods batting - Pitching for Lansing Lugnuts : RHP Omar Torres
|
|
Batting: LHB Mario Ocana
|
0-0: Ball 1-0: Called Strike 1-1: Ball 2-1: Fly out, F4 (Line Drive, 4, EV 76.2 MPH)
|
|
Batting: SHB Julio Hernandez
|
0-0: Ball 1-0: Ball 2-0: Ball 3-0: Swinging Strike 3-1: Base on Balls
|
|
Batting: RHB Dermott Kennelly
|
0-0: Called Strike 0-1: Called Strike 0-2: SINGLE (Groundball, 6S, EV 64.4 MPH) (infield hit) Julio Hernandez to second
|
|
Batting: RHB Steve Byerly
|
0-0: Ball 1-0: Fly out, F8 (Line Drive, 8RM, EV 96.2 MPH)
|
|
Batting: RHB Eric Waugaman
|
0-0: Ball 1-0: Ball 2-0: Ground out U3 (Groundball, 34, EV 102.5 MPH)
|
| Top of the 2nd over - 0 runs, 1 hit, 0 errors, 2 left on base; Bowling Green 0 - Lansing 1 |
| BOTTOM OF THE 2ND |
|
Lansing Lugnuts batting - Pitching for Bowling Green Hot Rods : LHP Chris Ross
|
|
Batting: SHB Jose Garcia
|
0-0: Called Strike 0-1: Ball 1-1: Foul Ball, location: 2F 1-2: Ball 2-2: Reached on error, E3 (Groundball, 34, EV 87.5 MPH)
|
|
Batting: RHB B.J. Worthy
|
0-0: Fly out, F7 (Flyball, 7S, EV 91.9 MPH)
|
|
Batting: RHB Nick Wicker
|
0-0: Called Strike 0-1: Ball Jose Garcia steals 2nd base 1-1: SINGLE (Line Drive, 8RS, EV 110.6 MPH) Jose Garcia to third
|
|
Batting: RHB Darren McCarty Jr.
|
0-0: Ball Nick Wicker steals 2nd base (no throw) 1-0: Foul Ball, location: 2F 1-1: Ball 2-1: Ball 3-1: Foul Ball, location: 2F 3-2: Strikes out swinging
|
|
Batting: RHB Kyle Silveira
|
0-0: Called Strike 0-1: Swinging Strike 0-2: Foul Ball, location: 2F 0-2: Strikes out looking
|
| Bottom of the 2nd over - 0 runs, 1 hit, 1 error, 2 left on base; Bowling Green 0 - Lansing 1 |
| TOP OF THE 3RD |
|
Bowling Green Hot Rods batting - Pitching for Lansing Lugnuts : RHP Omar Torres
|
|
Batting: RHB Evan Chalarian
|
0-0: Ball 1-0: Ball 2-0: Ball 3-0: Called Strike 3-1: Ground out 5-3 (Groundball, 56S, EV 86.9 MPH)
|
|
Batting: RHB Jonathan Fraire
|
0-0: Ground out 5-3 (Groundball, 5S, EV 85.6 MPH)
|
|
Batting: LHB Jake Rheaume
|
0-0: Ball 1-0: Swinging Strike 1-1: DOUBLE (Line Drive, 78M, EV 97.5 MPH)
|
|
Batting: RHB Adam Kaeser
|
0-0: Foul Ball, location: 2F 0-1: Swinging Strike 0-2: Ball 1-2: Ball 2-2: Foul Ball, location: 2F 2-2: Foul Ball, location: 2F 2-2: Ball 3-2: Ground out 4-3 (Groundball, 4, EV 100.0 MPH)
|
| Top of the 3rd over - 0 runs, 1 hit, 0 errors, 1 left on base; Bowling Green 0 - Lansing 1 |
| BOTTOM OF THE 3RD |
|
Lansing Lugnuts batting - Pitching for Bowling Green Hot Rods : LHP Chris Ross
|
|
Batting: RHB Finn Ross
|
0-0: Ball 1-0: Called Strike 1-1: Called Strike 1-2: Hit by Pitch
|
|
Batting: RHB Bryan Westray
|
0-0: Called Strike 0-1: Ball 1-1: Ball Wild Pitch! Finn Ross to second 2-1: Fly out, F6 (Line Drive, 6, EV 67.5 MPH)
|
|
Batting: LHB Dan Martinez
|
0-0: Called Strike 0-1: Foul Ball, location: 2F 0-2: Fly out, F9 (Line Drive, 89S, EV 88.1 MPH)
|
|
Batting: RHB Luis Reyes
|
0-0: Ball 1-0: Called Strike 1-1: Ground out 6-3 (Groundball, 6, EV 79.4 MPH)
|
| Bottom of the 3rd over - 0 runs, 0 hits, 0 errors, 1 left on base; Bowling Green 0 - Lansing 1 |
| TOP OF THE 4TH |
|
Bowling Green Hot Rods batting - Pitching for Lansing Lugnuts : RHP Omar Torres
|
|
Batting: LHB Mario Ocana
|
0-0: Ball 1-0: Ball 2-0: DOUBLE (Flyball, 78XD, EV 98.8 MPH)
|
|
Batting: SHB Julio Hernandez
|
0-0: Foul Ball, location: 2F 0-1: Foul Ball, location: 2F 0-2: Ball 1-2: Ball 2-2: Strikes out looking
|
|
Batting: RHB Dermott Kennelly
|
0-0: Ball 1-0: Ball 2-0: Ball Wild Pitch! Mario Ocana to third 3-0: Base on Balls
|
|
Batting: RHB Steve Byerly
|
0-0: Fielders Choice at 2nd, 1-6 (Groundball, 13S, EV 74.4 MPH)
|
|
Batting: RHB Eric Waugaman
|
0-0: Ball 1-0: Called Strike 1-1: Hit by Pitch Steve Byerly to second
|
|
Batting: RHB Evan Chalarian
|
0-0: Foul Ball, location: 2F 0-1: Ball 1-1: Ball 2-1: SINGLE (Groundball, 4MD, EV 95.0 MPH) Mario Ocana scores Steve Byerly to third Eric Waugaman to second Runner from 3rd tries for Home, SAFE, throw by CF to home
|
|
Batting: RHB Jonathan Fraire
|
0-0: Called Strike 0-1: DOUBLE (Groundball, 5L, EV 101.2 MPH) Eric Waugaman scores Evan Chalarian to third Runner from 3rd tries for Home, SAFE, no throw by LF
|
|
Batting: LHB Jake Rheaume
|
0-0: Ball 1-0: Ball 2-0: Swinging Strike 2-1: Swinging Strike 2-2: Foul Ball, location: 2F 2-2: Fly out, F6 (Flyball, 5D, EV 86.9 MPH)
|
| Top of the 4th over - 4 runs, 3 hits, 0 errors, 1 left on base; Bowling Green 4 - Lansing 1 |
| BOTTOM OF THE 4TH |
|
Lansing Lugnuts batting - Pitching for Bowling Green Hot Rods : LHP Chris Ross
|
|
Batting: SHB Jose Garcia
|
0-0: Fly out, F8 (Line Drive, 8LM, EV 94.4 MPH)
|
|
Batting: RHB B.J. Worthy
|
0-0: Ball 1-0: Ball 2-0: Ball 3-0: Called Strike 3-1: DOUBLE (Groundball, 5L, EV 103.1 MPH)
|
|
Batting: RHB Nick Wicker
|
0-0: Ground out 6-3 (Groundball, 6M, EV 100.0 MPH) B.J. Worthy to third
|
|
Batting: RHB Darren McCarty Jr.
|
0-0: Swinging Strike 0-1: Ball Balk! B.J. Worthy scores 1-1: Called Strike 1-2: Hit by Pitch
|
|
Batting: RHB Kyle Silveira
|
0-0: Ball 1-0: Called Strike 1-1: Ball 2-1: Fly out, F3 (Popup, 3SF, EV 66.9 MPH)
|
| Bottom of the 4th over - 1 run, 1 hit, 0 errors, 1 left on base; Bowling Green 4 - Lansing 2 |
| TOP OF THE 5TH |
|
Bowling Green Hot Rods batting - Pitching for Lansing Lugnuts : RHP Omar Torres
|
|
Batting: RHB Adam Kaeser
|
0-0: Called Strike 0-1: Swinging Strike 0-2: SINGLE (Groundball, 56D, EV 93.8 MPH)
|
|
Batting: LHB Mario Ocana
|
0-0: Foul Ball, location: 2F 0-1: Foul Ball, location: 2F 0-2: Ball 1-2: Fly out, F7 (Flyball, 78S, EV 82.5 MPH)
|
|
Batting: SHB Julio Hernandez
|
0-0: Called Strike 0-1: Called Strike 0-2: Ball 1-2: Ball Wild Pitch! Adam Kaeser to second 2-2: Strikes out swinging
|
|
Batting: RHB Dermott Kennelly
|
0-0: Called Strike 0-1: Foul Ball, location: 2F 0-2: Ball 1-2: Ball 2-2: Strikes out swinging
|
| Top of the 5th over - 0 runs, 1 hit, 0 errors, 1 left on base; Bowling Green 4 - Lansing 2 |
| BOTTOM OF THE 5TH |
|
Lansing Lugnuts batting - Pitching for Bowling Green Hot Rods : LHP Chris Ross
|
|
Batting: RHB Finn Ross
|
0-0: Called Strike 0-1: Called Strike 0-2: Strikes out swinging
|
|
Batting: RHB Bryan Westray
|
0-0: Ball 1-0: Ground out 6-3 (Groundball, 6MS, EV 89.4 MPH)
|
|
Batting: LHB Dan Martinez
|
0-0: Called Strike 0-1: Called Strike 0-2: Ball 1-2: Foul Ball, location: 2F 1-2: Ground out 6-3 (Groundball, 6MD, EV 102.5 MPH)
|
| Bottom of the 5th over - 0 runs, 0 hits, 0 errors, 0 left on base; Bowling Green 4 - Lansing 2 |
| TOP OF THE 6TH |
|
Bowling Green Hot Rods batting - Pitching for Lansing Lugnuts : RHP Omar Torres
|
|
Batting: RHB Steve Byerly
|
0-0: Foul Ball, location: 2F 0-1: Ball 1-1: Ball 2-1: Foul Ball, location: 2F 2-2: Ball 3-2: Ground out U3 (Groundball, 34S, EV 72.5 MPH)
|
|
Batting: RHB Eric Waugaman
|
0-0: Called Strike 0-1: SINGLE (Line Drive, 89S, EV 111.2 MPH)
|
|
Batting: RHB Evan Chalarian
|
0-0: Fly out, F9 (Flyball, 9LM, EV 89.4 MPH)
|
|
Pitching: RHP Andres Lozano
|
|
|
Batting: RHB Jonathan Fraire
|
0-0: Foul Ball, location: 2F 0-1: Ball 1-1: Foul Ball, location: 2F 1-2: Ball 2-2: Hit by Pitch Eric Waugaman to second
|
|
Batting: LHB Jake Rheaume
|
0-0: Ball 1-0: Called Strike 1-1: Ball 2-1: Ball 3-1: Foul Ball, location: 2F 3-2: TRIPLE (Groundball, 3L, EV 102.5 MPH) Eric Waugaman scores Jonathan Fraire scores
|
|
Batting: RHB Adam Kaeser
|
0-0: Called Strike 0-1: Ball 1-1: Ball 2-1: Swinging Strike 2-2: Ball 3-2: Base on Balls
|
|
Batting: LHB Mario Ocana
|
0-0: Ball 1-0: Called Strike 1-1: Called Strike 1-2: Foul Ball, location: 2F 1-2: Ball 2-2: Ground out 4-3 (Groundball, 34, EV 86.9 MPH)
|
| Top of the 6th over - 2 runs, 2 hits, 0 errors, 2 left on base; Bowling Green 6 - Lansing 2 |
| BOTTOM OF THE 6TH |
|
Lansing Lugnuts batting - Pitching for Bowling Green Hot Rods : LHP Chris Ross
|
|
Batting: RHB Luis Reyes
|
0-0: Ball 1-0: Called Strike 1-1: Ground out 4-3 (Groundball, 4MS, EV 85.6 MPH)
|
|
Batting: SHB Jose Garcia
|
0-0: Fly out, F8 (Flyball, 8LS, EV 86.2 MPH)
|
|
Batting: RHB B.J. Worthy
|
0-0: Called Strike 0-1: Ball 1-1: Called Strike 1-2: Ball 2-2: DOUBLE (Flyball, 78D, EV 96.9 MPH)
|
|
Batting: RHB Nick Wicker
|
0-0: Ball 1-0: Swinging Strike 1-1: Ball 2-1: Ball Wild Pitch! B.J. Worthy to third 3-1: Base on Balls
|
|
Batting: RHB Darren McCarty Jr.
|
0-0: Called Strike 0-1: Called Strike 0-2: Hit by Pitch Nick Wicker to second
|
|
Batting: RHB Kyle Silveira
|
0-0: Called Strike 0-1: Foul Ball, location: 2F 0-2: Fielders Choice at 2nd, 6-4 (Groundball, 6, EV 103.1 MPH)
|
| Bottom of the 6th over - 0 runs, 1 hit, 0 errors, 3 left on base; Bowling Green 6 - Lansing 2 |
| TOP OF THE 7TH |
|
Bowling Green Hot Rods batting - Pitching for Lansing Lugnuts : RHP Andres Lozano
|
|
Pitching: RHP Tony Riesco
|
|
|
Batting: SHB Julio Hernandez
|
0-0: Called Strike 0-1: Ball 1-1: Ball 2-1: Foul Ball, location: 2F 2-2: TRIPLE (Line Drive, 78XD, EV 106.9 MPH)
|
|
Batting: RHB Dermott Kennelly
|
0-0: Swinging Strike 0-1: Ball 1-1: Ball 2-1: Called Strike 2-2: Strikes out swinging
|
|
Batting: RHB Steve Byerly
|
0-0: Ball 1-0: Called Strike 1-1: Fly out, F4 (Popup, 4, EV 64.4 MPH)
|
|
Batting: RHB Eric Waugaman
|
0-0: Ball 1-0: Swinging Strike 1-1: Ground out 6-3 (Groundball, 6, EV 95.0 MPH)
|
| Top of the 7th over - 0 runs, 1 hit, 0 errors, 1 left on base; Bowling Green 6 - Lansing 2 |
| BOTTOM OF THE 7TH |
|
Lansing Lugnuts batting - Pitching for Bowling Green Hot Rods : LHP Chris Ross
|
|
Batting: RHB Finn Ross
|
0-0: Ball 1-0: SINGLE (Line Drive, 6D, EV 99.4 MPH)
|
|
Batting: RHB Bryan Westray
|
0-0: Ball 1-0: Ball 2-0: Ball 3-0: Called Strike 3-1: Foul Ball, location: 2F 3-2: Base on Balls Finn Ross to second
|
|
Pitching: LHP Chris Polite
|
|
|
Pinch Hitting: RHB Murray Yerzy
|
0-0: Ball 1-0: Ball 2-0: Foul Ball, location: 2F 2-1: Fly out, F8 (Flyball, 8RXD, EV 92.5 MPH) Runner from 2nd tags up, SAFE at 3rd, no throw by CF
|
|
Batting: RHB Luis Reyes
|
0-0: Called Strike 0-1: SINGLE (Groundball, 56D, EV 104.4 MPH) Finn Ross scores Bryan Westray to second
|
|
Batting: SHB Jose Garcia
|
0-0: Ball 1-0: Ball 2-0: Ball 3-0: Called Strike 3-1: Base on Balls Bryan Westray to third Luis Reyes to second
|
|
Batting: RHB B.J. Worthy
|
0-0: Ball Wild Pitch! Bryan Westray scores Luis Reyes to third Jose Garcia to second 1-0: Called Strike 1-1: Ground out 5-3 (Groundball, 5, EV 78.1 MPH)
|
|
Batting: RHB Nick Wicker
|
0-0: Fly out, F9 (Flyball, 9LM, EV 83.1 MPH)
|
| Bottom of the 7th over - 2 runs, 2 hits, 0 errors, 2 left on base; Bowling Green 6 - Lansing 4 |
| TOP OF THE 8TH |
|
Bowling Green Hot Rods batting - Pitching for Lansing Lugnuts : RHP Tony Riesco
|
|
Now in LF: Bryan Westray
|
|
|
Now in RF: David Ramirez
|
|
|
Batting: RHB Evan Chalarian
|
0-0: Ground out U3 (Groundball, 34, EV 100.0 MPH)
|
|
Batting: RHB Jonathan Fraire
|
0-0: Fly out, F9 (Flyball, 89XD, EV 95.6 MPH)
|
|
Batting: LHB Jake Rheaume
|
0-0: Ball 1-0: Ball 2-0: Ball 3-0: Called Strike 3-1: Base on Balls
|
|
Batting: RHB Adam Kaeser
|
0-0: Ball 1-0: DOUBLE (Flyball, 8LXD, EV 101.9 MPH) Jake Rheaume to third Runner from 3rd tries for Home, SAFE, throw by CF to home
|
|
Batting: LHB Mario Ocana
|
0-0: Foul Ball, location: 2F 0-1: Ball 1-1: Swinging Strike 1-2: Foul Ball, location: 2F 1-2: Strikes out looking
|
| Top of the 8th over - 1 run, 1 hit, 0 errors, 1 left on base; Bowling Green 7 - Lansing 4 |
| BOTTOM OF THE 8TH |
|
Lansing Lugnuts batting - Pitching for Bowling Green Hot Rods : LHP Chris Polite
|
|
Pitching: LHP Brian Kelly
|
|
|
Batting: RHB Darren McCarty Jr.
|
0-0: Called Strike 0-1: Ball 1-1: Ball 2-1: Foul Ball, location: 2F 2-2: Ball 3-2: Foul Ball, location: 2F 3-2: Strikes out swinging
|
|
Batting: RHB Kyle Silveira
|
0-0: Called Strike 0-1: Ball 1-1: Ball 2-1: Foul Ball, location: 2F 2-2: Ball 3-2: Base on Balls
|
|
Batting: RHB Finn Ross
|
0-0: Ball 1-0: Called Strike 1-1: Called Strike 1-2: Ball 2-2: Ball 3-2: Foul Ball, location: 2F 3-2: Foul Ball, location: 2F 3-2: Base on Balls Kyle Silveira to second
|
|
Batting: RHB Bryan Westray
|
0-0: Fielders Choice at 2nd, 3-6 (Groundball, 34, EV 90.0 MPH) Kyle Silveira to third
|
|
Pinch Hitting: SHB Joel Baker
|
0-0: Ball 1-0: Swinging Strike 1-1: Ball 2-1: Foul Ball, location: 2F 2-2: Strikes out looking
|
| Bottom of the 8th over - 0 runs, 0 hits, 0 errors, 2 left on base; Bowling Green 7 - Lansing 4 |
| TOP OF THE 9TH |
|
Bowling Green Hot Rods batting - Pitching for Lansing Lugnuts : RHP Tony Riesco
|
|
Now in RF: Joel Baker
|
|
|
Batting: SHB Julio Hernandez
|
0-0: Ball 1-0: Called Strike 1-1: Ball 2-1: Called Strike 2-2: Ball 3-2: Foul Ball, location: 2F 3-2: Ground out 6-3 (Groundball, 6, EV 87.5 MPH)
|
|
Pitching: RHP Mike Merriman
|
|
|
Batting: RHB Dermott Kennelly
|
0-0: Ball 1-0: Ball 2-0: SOLO HOME RUN (Flyball, 7D, EV 98.1 MPH), Distance : 374 ft
|
|
Batting: RHB Steve Byerly
|
0-0: Called Strike 0-1: Ball 1-1: DOUBLE (Line Drive, 7LS, EV 103.1 MPH)
|
|
Batting: RHB Eric Waugaman
|
0-0: Called Strike 0-1: Ball 1-1: Foul Ball, location: 2F 1-2: Ball 2-2: Ground out 6-3 (Groundball, 6, EV 96.9 MPH)
|
|
Batting: RHB Evan Chalarian
|
0-0: Called Strike 0-1: Ball 1-1: Fly out, F9 (Flyball, 9D, EV 106.2 MPH)
|
| Top of the 9th over - 1 run, 2 hits, 0 errors, 1 left on base; Bowling Green 8 - Lansing 4 |
| BOTTOM OF THE 9TH |
|
Lansing Lugnuts batting - Pitching for Bowling Green Hot Rods : LHP Brian Kelly
|
|
Pitching: RHP Nate Russano
|
|
|
Batting: RHB Luis Reyes
|
0-0: Ball 1-0: Ball 2-0: Ball 3-0: Called Strike 3-1: Foul Ball, location: 2F 3-2: SINGLE (Groundball, 34D, EV 110.6 MPH)
|
|
Batting: SHB Jose Garcia
|
0-0: Ball 1-0: Ball 2-0: 2-RUN HOME RUN (Flyball, 9D, EV 96.2 MPH), Distance : 356 ft
|
|
Pitching: RHP Al Speer
|
|
|
Batting: RHB B.J. Worthy
|
0-0: SINGLE (Groundball, 56, EV 98.1 MPH)
|
|
Batting: RHB Nick Wicker
|
0-0: Ball 1-0: Called Strike 1-1: SINGLE (Groundball, 4MD, EV 100.0 MPH) B.J. Worthy to second
|
|
Pinch Runner at 2nd Roger Escareno:
|
|
|
Batting: RHB Darren McCarty Jr.
|
0-0: Ball 1-0: Bunt missed! 1-1: Ball 2-1: Ball 3-1: Bunt missed! 3-2: Foul Ball, location: 2F 3-2: Base on Balls Roger Escareno to third Nick Wicker to second
|
|
Batting: RHB Kyle Silveira
|
0-0: SINGLE (Groundball, 56D, EV 98.1 MPH) Roger Escareno scores Nick Wicker to third Darren McCarty Jr. to second
|
|
Batting: RHB Finn Ross
|
0-0: Ball 1-0: Swinging Strike 1-1: Foul Ball, location: 2F 1-2: Fly out, F5 (Popup, 5SF, EV 74.4 MPH)
|
|
Batting: RHB Bryan Westray
|
0-0: Swinging Strike 0-1: Swinging Strike 0-2: Ball 1-2: Ball 2-2: Ball 3-2: Strikes out looking
|
|
Batting: SHB Joel Baker
|
0-0: Foul Ball, location: 2F 0-1: Ball 1-1: Called Strike 1-2: Strikes out swinging
|
| Bottom of the 9th over - 3 runs, 5 hits, 0 errors, 3 left on base; Bowling Green 8 - Lansing 7 |
|